 Dungeon Crawl Stone Soup version 0.32-a0-876-gcfddb08e57 (webtiles) character file.

Game seed: 17439384775699706088

278 javelincjr the Conjurer (level 6, -2/36 HPs)
             Began as an Octopode Conjurer on Apr 1, 2024.
             Killed from afar by an orc wizard (8 damage)
             ... with a magic dart
             ... on level 4 of the Dungeon.
             The game lasted 00:08:28 (3935 turns).

javelincjr the Conjurer (Octopode Conjurer)         Turns: 3935, Time: 00:08:29

Health: -2/36      AC:  1    Str:  6    XL:     6   Next: 26%
Magic:  2/11       EV: 12    Int: 22    God:
Gold:   170        SH:  0    Dex: 11    Spells: 8/11 levels left

rFire   . . .        p - +0 trident
rCold   . . .        (no shield)
rNeg    . . .        (helmet restricted)
rPois   .            (no amulet)
rElec   .            (no ring)
rCorr   .            (no ring)
SInv    .            (no ring)
Will    .....        (no ring)
Stlth   ++           (no ring)
HPRegen 0.26/turn    (no ring)
MPRegen 0.12/turn    (no ring)
                     (no ring)

%: no passive effects
@: confused
A: almost no armour, amphibious, 8 rings, camouflage 1, gelatinous body 1,
(nimble swimmer 1), tentacles
a: Convert to Beogh


You were on level 4 of the Dungeon.
You visited 1 branch of the dungeon, and saw 4 of its levels.

You collected 170 gold pieces.

Inventory:

Hand Weapons
 p - a +0 trident (weapon)
 q - a +0 sling
Missiles
 h - 6 boomerangs
 o - 4 poisoned darts
Wands
 n - a wand of iceblast (13)
Scrolls
 c - 2 scrolls of identify {unknown}
 d - a scroll of butterflies {unknown}
 e - a scroll of blinking {unknown}
 f - 2 scrolls of brand weapon {unknown}
 g - a scroll of noise {unknown}
 i - a scroll of enchant weapon {unknown}
 j - 2 scrolls of fog {unknown}
 k - 5 scrolls of teleportation {unknown}
 l - a scroll of fear {unknown}
Potions
 a - a potion of magic
 b - 4 potions of curing {unknown}
 m - a potion of brilliance {unknown}


   Skills:
 + Level 3.6 Dodging
 + Level 5.0 Stealth
 + Level 3.3 Spellcasting
 + Level 5.0 Conjurations


You had 8 spell levels left.
You knew the following spells:

 Your Spells              Type           Power      Damage    Failure   Level
a - Magic Dart            Conj           100%       1d8       1%          1
b - Searing Ray           Conj           52%        2d6       2%          2

Your spell library contained the following spells:

 Spells                   Type           Power      Damage    Failure   Level
 Dazzling Flash           Conj/Hex       28%        N/A       13%         3
 Mephitic Cloud           Conj/Alch/Air  11%        N/A       19%         3
 Fulminant Prism          Conj/Alch      7%         3d6       38%         4
 Iskenderun's Mystic Bla Conj/Tloc 14%            2d5        (+2d2     38%         4
 Curse of Agony           Necr           3%         N/A       97%         5
 Silence                  Hex/Air        1%         N/A       97%         5


Dungeon Overview and Level Annotations

Branches:
Dungeon (4/15)
 Temple: D:4-7

Altars:
Xom

Shops:
D:2 ?


Innate Abilities, Weirdness & Mutations

You cannot wear most types of armour.
You are amphibious.
You can wear up to eight rings at the same time.
Your skin changes colour to match your surroundings (Stealth+).
Your rubbery body absorbs attacks. (AC +1, EV +1)
((You are camouflaged when in or above water. (Stealth+)))
You have tentacles for arms and can constrict up to eight enemies at once.


Message History

The orc wizard casts a spell at you. The puff of flame hits you!
The orc priest shouts, "Surrender to Beogh and we'll let you live!" (press Y on the ability menu to convert to Beogh)
Casting: Searing Ray (safe; 2% risk of failure)
Confirm with . or Enter, or press ? or * to list all spells.
Aiming: Searing Ray (safe; 2% risk of failure)
Press: ? - help, Shift-Dir - straight line, f - orc, p - orc priest
Aim: an orc, wielding a +0 short sword (79% to hit)
The searing ray hits the orc wizard.
The orc wizard is severely wounded.
The searing ray hits the orc.
The orc is heavily wounded.
The searing ray hits the orc priest.
The orc priest is moderately wounded.
The searing ray hits the orc!
You kill the orc! (Press . to maintain the ray.)
The orc priest looks satisfied for a moment.
The orc wizard gestures at you while chanting.
You are confused.
Your Stealth skill increases to level 5!
The orc wizard hits you with a +0 dagger.
You bump into the rock wall.
The orc wizard barely misses you.
You hit the orc wizard.
The orc wizard is almost dead.
The orc wizard points at you and mumbles some strange words.
You are more confused.
You miss the orc wizard. Your squeeze misses the orc wizard.
The orc wizard is almost dead.
The orc wizard points at you and mumbles some strange words.
You are more confused.
Your magical contamination has completely faded away.
You're too confused to move!
The orc priest invokes the aid of Beogh against you.
Beogh smites you!
* * * LOW HITPOINT WARNING * * *
The orc wizard points at you and mumbles some strange words.
The magic dart hits you!
You die...

#.# #.# #.#
#)# #o# #o#
#o# #@# #.#
..... #.#
..... #.#
.....######.##
.............#
.............#
.............#
.............#


You could see an orc priest, an orc wizard and an orc.

Vanquished Creatures
  2 bombardier beetles
  A hound (D:4)
  5 gnolls
  6 adders
  A dart slug (D:1)
  A ribbon worm (D:2)
  4 orcs
  5 bats
  4 endoplasms (D:1)
  A giant cockroach (D:1)
  8 goblins
  9 hobgoblins
  4 jackals (D:1)
  A quokka (D:3)
  4 ball pythons (D:2)
  11 frilled lizards
  7 kobolds
  10 rats
84 creatures vanquished.

Notes
Turn   | Place    | Note
-------+----------+-------------------------------------------
     0 | D:1      | javelincjr the Octopode Conjurer began the quest for the
                  | Orb.
     0 | D:1      | Reached XP level 1. HP: 11/11 MP: 3/3
    31 | D:1      | Reached XP level 2. HP: 11/17 MP: 0/5
   506 | D:1      | Reached XP level 3. HP: 21/21 MP: 1/6
  1352 | D:1      | Learned a level 2 spell: Searing Ray
  1553 | D:2      | Reached XP level 4. HP: 27/27 MP: 4/7
  2073 | D:2      | Found The Oracle's Delphic Readings.
  2156 | D:2      | Found a shimmering altar of Xom.
  2278 | D:2      | Reached XP level 5. HP: 23/31 MP: 0/9
  3770 | D:4      | Reached skill level 5 in Conjurations
  3770 | D:4      | Reached XP level 6. HP: 36/36 MP: 5/10
  3931 | D:4      | Reached skill level 5 in Stealth
  3935 | D:4      | Killed from afar by an orc wizard

Illustrated notes

Levels and vault maps discovered:
D:1:      ncdulo_smallfort, layout_loops_corners,
          hangedman_abyss_or_decor_lesser_grid
D:2:      minmay_general_purpose_star, layout_basic, basic_altar,
          grunt_decor_arrowhead, nicolae_nh_oracle_at_delphi
D:3:      layout_loops_ring, serial_park_tiny_2
D:4:      layout_basic, minmay_crossroads, uniq_duvessa, uniq_grinder,
          uniq_robin, uniq_crazy_yiuf_cottage

Skill      XL: |  1  2  3  4  5  6 |
---------------+-------------------+-----
Stealth        | 3 4 5 |  5.0
Dodging        | 3 |  3.6
Spellcasting   | 3 |  3.3
Conjurations   | 5 |  5.0

Action                     |  1- 3 |  4- 6 || total
---------------------------+-------+-------++-------
  Melee: Unarmed           |     6 |       ||     6
         Tentacles         |     4 |     3 ||     7
         Constrict         |     4 |     2 ||     6
         Punch             |     1 |       ||     1
         Trident           |       |    14 ||    14
   Cast: Magic Dart        |    61 |    88 ||   149
         Searing Ray       |       |     9 ||     9
   Stab: Sleeping          |       |     1 ||     1
 Armour: Skin              |     4 |    13 ||    17
  Dodge: Dodged            |     5 |    11 ||    16

Table legend: (Time is in decaauts)
 A = Elapsed time spent in this place.
 B = Non-inter-level travel time spent in this place.
 C = Inter-level travel time spent in this place.
 D = Time resting spent in this place.
 E = Time spent auto-exploring this place.
 F = Levels seen in this place.
 G = Mean time per level.
                   A        B        C        D        E       F      G
               +--------+--------+--------+--------+--------+-----+--------+
         Total |   3938 |   3857 |     81 |     30 |   3461 |   4 |  984.5 |
       Dungeon |   3938 |   3857 |     81 |     30 |   3461 |   4 |  984.5 |
               +--------+--------+--------+--------+--------+-----+--------+

Top non-repeatable levels by time:
     D:1: 1546 daAuts
     D:2: 1291 daAuts
     D:3: 847 daAuts
     D:4: 252 daAuts
